 Dungeon Crawl Stone Soup version 0.31-a0-188-g5e087ee2ca (webtiles) character file.

Game seed: 7403768720333340390

108 lessens the Chopper (level 4, -5/36 HPs)
             Began as a Draconian Reaver on June 24, 2023.
             Killed from afar by an orc wizard (6 damage)
             ... with a magic dart
             ... on level 4 of the Dungeon.
             The game lasted 00:02:56 (2625 turns).

lessens the Chopper (Draconian Reaver)              Turns: 2625, Time: 00:02:57

Health: -5/36      AC:  5    Str: 15 (17) XL:     4   Next: 58%
Magic:  7/7        EV:  8    Int: 10 (13) God:
Gold:   220        SH:  0    Dex:  8 (9)  Spells: 6/7 levels left

rFire   . . .        a - +0 hand axe
rCold   . . .        (no shield)
rNeg    . . .        (body armour unavailable)
rPois   .            (helmet restricted)
rElec   .            (no cloak)
rCorr   .            (no gloves)
SInv    .            (no boots)
Will    +....        (no amulet)
Stlth   +            (no ring)
HPRegen 0.26/turn    (no ring)
MPRegen 0.10/turn

%: no passive effects
@: confused, brilliant, enlightened, flying, constricted
A: AC +5, unfitting armour, cold-blooded
a: no special abilities


You were on level 4 of the Dungeon.
You visited 1 branch of the dungeon, and saw 4 of its levels.

You collected 220 gold pieces.

Inventory:

Hand Weapons
 a - a +0 hand axe (weapon)
Missiles
 f - 28 stones
 o - 9 javelins
Armour
 g - a +0 cloak
Wands
 k - a wand of paralysis (10)
Scrolls
 b - 2 scrolls of poison {unknown}
 c - 2 scrolls of noise {unknown}
 d - 2 scrolls of fog {unknown}
 i - 4 scrolls of identify {unknown}
 j - a scroll of teleportation {unknown}
 m - a scroll of vulnerability {unknown}
Potions
 n - a potion of lignification {unknown}


   Skills:
 - Level 2.1 Fighting
 + Level 5.4 Axes
 - Level 1.7 Dodging
 - Level 2.0 Spellcasting
 - Level 3.0 Conjurations


You had 6 spell levels left.
You knew the following spells:

 Your Spells              Type           Power      Damage    Failure   Level
a - Kiss of Death         Conj/Necr      24%        2d7       17%         1

Your spell library contained the following spells:

 Spells                   Type           Power      Damage    Failure   Level
 Momentum Strike          Conj/Tloc      12%        3d8       26%         2
 Slow                     Hex            4%         N/A       30%         1
 Hailstorm                Conj/Ice       6%         3d4       45%         3
 Confusing Touch          Hex            1%         N/A       67%         3
 Frozen Ramparts          Ice            2%         1d1       67%         3
 Vampiric Draining        Necr           1%         2d6       67%         3
 Ice Form                 Ice/Tmut       1%         N/A       97%         4
 Summon Ice Beast         Ice/Summ       1%         N/A       97%         4


Dungeon Overview and Level Annotations

Branches:
Dungeon (4/15) Zot: 21354
 Temple: D:4-7

Altars:
Makhleb


Innate Abilities, Weirdness & Mutations

Your plain brown scales are hard. (AC +5)
You cannot fit into any form of body armour.
You are cold-blooded and may be slowed by cold attacks.


Message History

You hit the ball python.
The ball python is severely wounded.
You hit the orc. You hit the orc wizard.
The ball python bites you but does no damage.
The ball python constricts you. The orc hits you with a +0 hand axe.
The orc wizard hits you but does no damage.
You hit the orc wizard.
Your tail-slap misses the orc wizard.
The orc wizard is severely wounded.
You hit the orc. You miss the ball python.
The ball python bites you but does no damage.
The ball python constricts you. The orc hits you with a +0 hand axe.
The orc wizard casts a spell at you. The puff of flame hits you!
* * * LOW HITPOINT WARNING * * *
The ball python bites you but does no damage.
The ball python constricts you.
You escape the ball python's grasp.
The orc attacks as you move away! The orc barely misses you.
It was a potion of enlightenment.
You feel very buoyant.
You fly up into the air.
The orc barely misses you. The orc wizard casts a spell at you.
You are more confused.
The ball python closely misses you. The ball python grabs you.
The ball python constricts you.
It was a potion of degeneration.
There was something very wrong with that liquid.
You feel weakened.
You feel dopey.
You feel clumsy. The orc closely misses you.
The orc wizard hits you with a +0 dagger.
* * * LOW HITPOINT WARNING * * *
The ball python bites you but does no damage.
The ball python constricts you.
It was a potion of brilliance.
You feel clever all of a sudden. The orc hits you with a +0 hand axe.
* * * LOW HITPOINT WARNING * * *
The orc wizard casts a spell at you. The magic dart hits you.
You die...

.###..#..+##........##........
...................###.##.##.#
.##..##..##....#+####.........
##....####..................
##..## ##...........##.#.##
#.. ##...##.####........ #..
#....# .# .. .......#..##.###
........#.@o)...##.
###..###..oSo)...... #..
##...##.####. # ##... ...
#.... .... ...#. #.. ....... .
######..


You could see an orc wizard, 2 orcs and a ball python.

Vanquished Creatures
  A hound (D:3)
  3 adders
  A dart slug (D:2)
  2 orcs (D:4)
  6 endoplasms
  A giant cockroach (D:4)
  5 goblins
  2 hobgoblins
  2 jackals (D:2)
  7 kobolds
  3 quokkas
  4 ball pythons
  5 bats
  A frilled lizard (D:3)
  4 rats
47 creatures vanquished.

Notes
Turn   | Place    | Note
-------+----------+-------------------------------------------
     0 | D:1      | lessens the Draconian Reaver began the quest for the Orb.
     0 | D:1      | Reached XP level 1. HP: 17/17 MP: 3/3
   287 | D:1      | Reached XP level 2. HP: 11/24 MP: 5/5
   584 | D:2      | Reached skill level 4 in Axes
   781 | D:2      | Reached XP level 3. HP: 29/29 MP: 6/6
  1974 | D:3      | Reached skill level 5 in Axes
  1974 | D:3      | Reached XP level 4. HP: 36/36 MP: 7/7
  2297 | D:3      | Found a burning altar of Makhleb.
  2363 | D:3      | Found a faded altar of an unknown god.
  2625 | D:4      | HP: 1/36 [orc/+0 hand axe (3)]
  2625 | D:4      | Killed from afar by an orc wizard

Illustrated notes

Levels and vault maps discovered:
D:1:      scummos_arrival_star, layout_basic
D:2:      layout_basic, minmay_pentomino_u2
D:3:      layout_loops_cross, lightli_temple_of_fire,
          dreamdust_ecumenical_altar_hidden_monk_grotto,
          hangedman_decor_diamond_cutter
D:4:      layout_basic, serial_shops, shop, gup_sewer_entry_spiral,
          palyth_stone_intersect, kennysheep_generic_room_3

Skill      XL: |  1  2  3 |
---------------+----------+-----
Axes           | 4 5 |  5.4
Fighting       | |  2.1
Dodging        | |  1.7
Spellcasting   | |  2.0
Conjurations   | |  3.0

Action                     |  1- 3 |  4- 6 || total
---------------------------+-------+-------++-------
  Melee: Hand axe          |   119 |    23 ||   142
         Tailslap          |    13 |       ||    13
         Punch             |     1 |       ||     1
    Use: Potion            |     1 |     3 ||     4
   Stab: Sleeping          |     1 |       ||     1
 Armour: Skin              |    41 |    11 ||    52
  Dodge: Dodged            |    73 |    16 ||    89

Table legend: (Time is in decaauts)
 A = Elapsed time spent in this place.
 B = Non-inter-level travel time spent in this place.
 C = Inter-level travel time spent in this place.
 D = Time resting spent in this place.
 E = Time spent auto-exploring this place.
 F = Levels seen in this place.
 G = Mean time per level.
                   A        B        C        D        E       F      G
               +--------+--------+--------+--------+--------+-----+--------+
         Total |   2644 |   2539 |    105 |     16 |   2185 |   4 |  661.0 |
       Dungeon |   2644 |   2539 |    105 |     16 |   2185 |   4 |  661.0 |
               +--------+--------+--------+--------+--------+-----+--------+

Top non-repeatable levels by time:
     D:2: 1145 daAuts
     D:3: 831 daAuts
     D:1: 508 daAuts
     D:4: 158 daAuts

Levels and vault maps discovered:
D:1:      scummos_arrival_star, layout_basic
D:2:      layout_basic, minmay_pentomino_u2
D:3:      layout_loops_cross, lightli_temple_of_fire,
          dreamdust_ecumenical_altar_hidden_monk_grotto,
          hangedman_decor_diamond_cutter
D:4:      layout_basic, serial_shops, shop, gup_sewer_entry_spiral,
          palyth_stone_intersect, kennysheep_generic_room_3
